 Dungeon Crawl Stone Soup version 0.15-a0-1909-gd9acbb9 (console) character file.

119 MrRokkomies the Covered (level 5, 0/38 HPs)
             Began as a Formicid Warper on July 6, 2014.
             Killed by divine providence
             ... invoked by an orc priest
              (15 damage)
             ... on Level 4 of the Dungeon.
             The game lasted 00:08:52 (2373 turns).

MrRokkomies the Covered (Formicid Warper)           Turns: 2373, Time: 00:08:52

HP   0/38        AC 11     Str 16      XL: 5   Next: 23%
MP  11/11        EV  6     Int 13      God:
Gold 97          SH  0     Dex 10      Spells:  1 memorised,  7 levels left

rFire  . . .     SeeInvis +     a - +0 long sword
rCold  . . .     Clarity  .     h - +0 chain mail
rNeg   . . .     rCorr    .     (no shield)
rPois  .         rRot     .     (helmet unavailable)
rElec  .         Spirit   .     (no cloak)
SustAb .         Warding  .     t - +0 pair of gloves
rMut   .         Stasis   +     b - +0 pair of boots
Gourm  .                        (no amulet)
MR     .....                    (no ring)
                                (no ring)

@: not resistant to hostile enchantments, extremely unstealthy
A: permanent stasis, dig shafts and tunnels, four strong arms, antennae 3
a: Dig, Shaft Self


You were on level 4 of the Dungeon.
You were hungry.

You visited 1 branch of the dungeon, and saw 4 of its levels.

You collected 97 gold pieces.

Inventory:

Hand weapons
 a - a +0 long sword (weapon)
 p - a +0 sling
Missiles
 d - 13 sling bullets of flame
 e - 7 tomahawks (quivered)
 m - 16 sling bullets
 q - 17 stones
Armour
 b - a +0 pair of boots (worn)
 h - a +0 chain mail (worn)
 t - a +0 pair of gloves (worn)
Comestibles
 f - 3 bread rations
 i - a royal jelly
 n - 3 meat rations
Scrolls
 k - 3 scrolls of remove curse
 o - a scroll of immolation
 x - a scroll of recharging {unknown}
Potions
 j - a potion of restore abilities
 l - a potion of agility {unknown}
 r - a potion of flight {unknown}
 s - a potion of paralysis {unknown}
 u - a potion of haste {unknown}
 v - a potion of invisibility {unknown}
 w - a potion of poison {unknown}
Books
 c - a book of Spatial Translocations

   Spells                             Type                      Level
   *Apportation                       Translocation                1
   Blink                              Translocation                2
   Shroud of Golubria                 Charms/Translocation         2
   Portal Projectile                  Translocation                3
   Teleport Other                     Translocation                3
   Passage of Golubria                Translocation                4


   Skills:
 - Level 2.1 Fighting
 * Level 3.4 Long Blades
 - Level 0.7 Throwing
 * Level 4.0 Armour
 - Level 1.7 Dodging
 - Level 2.1 Spellcasting
 - Level 2.6 Translocations


You had 7 spell levels left.
You knew the following spells:

 Your Spells              Type           Power        Failure   Level  Hunger
a - Apportation           Tloc           #.........   99%         1    ##.....


Dungeon Overview and Level Annotations

Branches:
Dungeon (4/15)
 Temple: D:4-7

Altars:
Ashenzari


Innate Abilities, Weirdness & Mutations

Your are under a permanent stasis effect.
You can dig through walls and to a lower floor.
Your four strong arms can wield two-handed weapons with a shield.
You have a pair of large antennae on your head (SInv).


Message History

You kill the orc!
A worm and an orc priest come into view.
You barely miss the orc priest.
The orc priest mumbles some strange prayers to Beogh against you.
Something smites you!
You hit the orc priest.
The orc priest is lightly wounded.
The orc priest becomes somewhat translucent.
The orc priest hits you but does no damage.
You slash the orc priest!
The orc priest is heavily wounded.
The orc priest hits you with a glowing flail.
You slash the orc priest!
The orc priest is almost dead.
The orc wizard shouts!
The orc wizard casts a spell at you. The magic dart hits you!
The orc priest mumbles some strange prayers to Beogh against you.
Something smites you!
You die...

###### ..
#....## ...
##.....# .....
##......# )..w
#.......#
...###.......#
#..#........#
#o#........#
#@o.......#
#.##......#
##.#####..#
#..# ####
##.## #..#
##.## #..#
#..##


You could see a worm, an orc priest and an orc wizard.

Vanquished Creatures
  An iguana (D:4)
  5 adders
  2 oozes
  2 orcs (D:4)
  3 giant cockroaches
  10 goblins
  3 hobgoblins (D:1)
  A quokka (D:2)
  6 bats
  A giant gecko (D:2)
  3 giant newts
  3 jackals (D:2)
  A jackal skeleton (D:4)
  6 kobolds
  2 rats (D:2)
49 creatures vanquished.

Notes
Turn   | Place    | Note
--------------------------------------------------------------
     0 | D:1      | MrRokkomies, the Formicid Warper, began the quest for the Orb.
     0 | D:1      | Reached XP level 1. HP: 16/16 MP: 3/3
   361 | D:1      | Reached XP level 2. HP: 13/22 MP: 5/5
   878 | D:2      | Reached XP level 3. HP: 23/27 MP: 7/7
  1198 | D:2      | Reached skill level 3 in Long Blades
  1339 | D:2      | Reached XP level 4. HP: 23/33 MP: 8/8
  2024 | D:3      | Found a shattered altar of Ashenzari.
  2027 | D:3      | Noticed a hippogriff
  2032 | D:3      | You fall through a shaft!
  2152 | D:4      | Reached skill level 4 in Armour
  2152 | D:4      | Reached XP level 5. HP: 14/38 MP: 11/11
  2373 | D:4      | Killed from afar by an orc priest

Action                   |  1- 3 |  4- 6 || total
-------------------------+-------+-------++-------
Melee: Falchion          |   111 |    55 ||   166
       Long sword        |       |    21 ||    21
Throw: Tomahawk          |    29 |    15 ||    44
 Abil: Shaft Self        |       |     1 ||     1
  Use: Scroll            |     6 |     1 ||     7
       Potion            |       |     2 ||     2
  Eat: Chunk             |     1 |     2 ||     3
       Pizza             |       |     1 ||     1
